| TOP OF THE 1ST |
|
Chattanooga Lookouts batting - Pitching for Trenton Thunder : RHP Aneirin Cadwallader
|
|
Pitching: RHP Aneirin Cadwallader
|
|
|
Batting: SHB Manny Molina
|
0-0: Ball 1-0: TRIPLE (Line Drive, 78XD, EV 103.1 MPH)
|
|
Batting: SHB Matt Urbani
|
0-0: Swinging Strike 0-1: Ball 1-1: Ball 2-1: Foul Ball, location: 2F 2-2: Foul Ball, location: 2F 2-2: Foul Ball, location: 2F 2-2: Foul Ball, location: 2F 2-2: Foul Ball, location: 2F 2-2: Foul Ball, location: 2F 2-2: Hit by Pitch
|
|
Batting: LHB Marshall Daul
|
0-0: Ball 1-0: Ball 2-0: Foul Ball, location: 2F 2-1: Ball Matt Urbani is caught stealing 2nd base 2-6 3-1: Called Strike 3-2: Ground out 5-3 (Groundball, 15, EV 88.1 MPH) Manny Molina scores
|
|
Batting: RHB Leo Gonzalez
|
0-0: Ground out 4-3 (Groundball, 4D, EV 95.6 MPH)
|
| Top of the 1st over - 1 run, 1 hit, 0 errors, 0 left on base; Chattanooga 1 - Trenton 0 |
| BOTTOM OF THE 1ST |
|
Trenton Thunder batting - Pitching for Chattanooga Lookouts : RHP Tim Weller
|
|
Pitching: RHP Tim Weller
|
|
|
Batting: RHB Bryan Westray
|
0-0: Called Strike 0-1: Swinging Strike 0-2: Foul Ball, location: 2F 0-2: Ball 1-2: Ball 2-2: Foul Ball, location: 2F 2-2: Foul Ball, location: 2F 2-2: Foul Ball, location: 2F 2-2: Fly out, F7 (Flyball, 7D, EV 72.5 MPH)
|
|
Batting: SHB David Stewart
|
0-0: Foul Ball, location: 2F 0-1: Fly out, F9 (Flyball, 9D, EV 91.2 MPH)
|
|
Batting: LHB Jared Zulkowski
|
0-0: Called Strike 0-1: Called Strike 0-2: Ball 1-2: Foul Ball, location: 2F 1-2: Ball 2-2: SOLO HOME RUN (Flyball, 89XD, EV 106.2 MPH), Distance : 412 ft
|
|
Batting: SHB Houston Phillips
|
0-0: Ball 1-0: Ball 2-0: Called Strike 2-1: Fly out, F8 (Line Drive, 8RM, EV 91.9 MPH)
|
| Bottom of the 1st over - 1 run, 1 hit, 0 errors, 0 left on base; Chattanooga 1 - Trenton 1 |
| TOP OF THE 2ND |
|
Chattanooga Lookouts batting - Pitching for Trenton Thunder : RHP Aneirin Cadwallader
|
|
Batting: LHB Israel Montoya
|
0-0: Ball 1-0: Foul Ball, location: 2F 1-1: Foul Ball, location: 2F 1-2: Ball 2-2: Fly out, F9 (Line Drive, 89M, EV 94.4 MPH)
|
|
Batting: LHB David Campbell
|
0-0: Ball 1-0: Ball 2-0: Foul Ball, location: 2F 2-1: SINGLE (Line Drive, 78S, EV 90.6 MPH)
|
|
Batting: RHB Graham Calvert
|
0-0: Called Strike 0-1: 2-RUN HOME RUN (Flyball, 7D, EV 105.0 MPH), Distance : 411 ft
|
|
Batting: RHB Nick Phipps
|
0-0: Swinging Strike 0-1: Ball 1-1: Ball 2-1: Ball 3-1: Base on Balls
|
|
Batting: RHB John Dew
|
0-0: Called Strike 0-1: Ball 1-1: Ball 2-1: Called Strike 2-2: SINGLE (Groundball, 6MD, EV 107.5 MPH) Nick Phipps to second Nick Phipps to third
|
|
Batting: SHB Manny Molina
|
0-0: Called Strike 0-1: Ball 1-1: Ball 2-1: Foul Ball, location: 2F 2-2: Ball 3-2: Base on Balls John Dew to second
|
|
Batting: SHB Matt Urbani
|
0-0: Swinging Strike 0-1: Swinging Strike 0-2: Foul Ball, location: 2F 0-2: Ball 1-2: Foul Ball, location: 2F 1-2: Ball 2-2: Foul Ball, location: 2F 2-2: Ball 3-2: Base on Balls Nick Phipps scores John Dew to third Manny Molina to second
|
|
Batting: LHB Marshall Daul
|
0-0: Swinging Strike 0-1: Ball 1-1: Ball 2-1: Ball 3-1: Base on Balls John Dew scores Manny Molina to third Matt Urbani to second
|
|
Batting: RHB Leo Gonzalez
|
0-0: Called Strike 0-1: Ball 1-1: Ball 2-1: Ball 3-1: Fly out, F8 (Flyball, 8RD, EV 98.1 MPH) Runner from 3rd tags up, SCORES, no throw by CF
|
|
Batting: LHB Israel Montoya
|
0-0: Called Strike 0-1: Foul Ball, location: 2F 0-2: Ball 1-2: DOUBLE (Line Drive, 3D, EV 95.6 MPH) Matt Urbani scores Marshall Daul to third Runner from 3rd tries for Home, throw by RF and OUT! 9-4-2
|
| Top of the 2nd over - 6 runs, 4 hits, 0 errors, 1 left on base; Chattanooga 7 - Trenton 1 |
| BOTTOM OF THE 2ND |
|
Trenton Thunder batting - Pitching for Chattanooga Lookouts : RHP Tim Weller
|
|
Batting: RHB Phil Reeves
|
0-0: Foul Ball, location: 2F 0-1: Foul Ball, location: 2F 0-2: Strikes out looking
|
|
Batting: RHB Alex Colon
|
0-0: Ball 1-0: Swinging Strike 1-1: Swinging Strike 1-2: Foul Ball, location: 2F 1-2: Ground out 5-3 (Groundball, 56S, EV 78.1 MPH)
|
|
Batting: RHB Christian Shearer
|
0-0: Called Strike 0-1: Foul Ball, location: 2F 0-2: Ball 1-2: Strikes out looking
|
| Bottom of the 2nd over - 0 runs, 0 hits, 0 errors, 0 left on base; Chattanooga 7 - Trenton 1 |
| TOP OF THE 3RD |
|
Chattanooga Lookouts batting - Pitching for Trenton Thunder : RHP Aneirin Cadwallader
|
|
Batting: LHB David Campbell
|
0-0: Called Strike 0-1: SINGLE (Groundball, 4MD, EV 98.8 MPH)
|
|
Batting: RHB Graham Calvert
|
0-0: Called Strike 0-1: Ball 1-1: Foul Ball, location: 2F 1-2: Ball 2-2: Ball 3-2: Grounds into double play, U3-6 (Groundball, 3L, EV 108.1 MPH)
|
|
Batting: RHB Nick Phipps
|
0-0: Ball 1-0: Ball 2-0: Foul Ball, location: 2F 2-1: SINGLE (Groundball, 56, EV 109.4 MPH)
|
|
Batting: RHB John Dew
|
0-0: Called Strike 0-1: Hit by Pitch Nick Phipps to second
|
|
Batting: SHB Manny Molina
|
0-0: Ball 1-0: Called Strike 1-1: Swinging Strike 1-2: Ball 2-2: Foul Ball, location: 2F 2-2: Strikes out swinging
|
| Top of the 3rd over - 0 runs, 2 hits, 0 errors, 2 left on base; Chattanooga 7 - Trenton 1 |
| BOTTOM OF THE 3RD |
|
Trenton Thunder batting - Pitching for Chattanooga Lookouts : RHP Tim Weller
|
|
Batting: RHB Javier Umanzor
|
0-0: Ball 1-0: DOUBLE (Line Drive, 78XD, EV 106.9 MPH)
|
|
Batting: LHB Bart Davies
|
0-0: Swinging Strike 0-1: Ball 1-1: Swinging Strike 1-2: Strikes out looking
|
|
Batting: RHB Bryan Westray
|
0-0: Swinging Strike 0-1: Ground out 4-3 (Groundball, 34, EV 90.0 MPH) Javier Umanzor to third
|
|
Batting: SHB David Stewart
|
0-0: Fly out, F7 (Flyball, 7, EV 92.5 MPH)
|
| Bottom of the 3rd over - 0 runs, 1 hit, 0 errors, 1 left on base; Chattanooga 7 - Trenton 1 |
| TOP OF THE 4TH |
|
Chattanooga Lookouts batting - Pitching for Trenton Thunder : RHP Aneirin Cadwallader
|
|
Batting: SHB Matt Urbani
|
0-0: Ball 1-0: Called Strike 1-1: Called Strike 1-2: Strikes out swinging
|
|
Batting: LHB Marshall Daul
|
0-0: Called Strike 0-1: Foul Ball, location: 2F 0-2: Ball 1-2: Ball 2-2: Strikes out swinging
|
|
Batting: RHB Leo Gonzalez
|
0-0: Called Strike 0-1: Ball 1-1: Called Strike 1-2: Ball 2-2: Foul Ball, location: 2F 2-2: Foul Ball, location: 2F 2-2: Strikes out looking
|
| Top of the 4th over - 0 runs, 0 hits, 0 errors, 0 left on base; Chattanooga 7 - Trenton 1 |
| BOTTOM OF THE 4TH |
|
Trenton Thunder batting - Pitching for Chattanooga Lookouts : RHP Tim Weller
|
|
Batting: LHB Jared Zulkowski
|
0-0: Called Strike 0-1: Ground out U3 (Groundball, 3L, EV 93.8 MPH)
|
|
Batting: SHB Houston Phillips
|
0-0: Swinging Strike 0-1: DOUBLE (Line Drive, 89D, EV 106.9 MPH)
|
|
Batting: RHB Phil Reeves
|
0-0: Fly out, F7 (Flyball, 7, EV 92.5 MPH)
|
|
Batting: RHB Alex Colon
|
0-0: Called Strike 0-1: Ground out 4-3 (Groundball, 4, EV 110.0 MPH)
|
| Bottom of the 4th over - 0 runs, 1 hit, 0 errors, 1 left on base; Chattanooga 7 - Trenton 1 |
| TOP OF THE 5TH |
|
Chattanooga Lookouts batting - Pitching for Trenton Thunder : RHP Aneirin Cadwallader
|
|
Batting: LHB Israel Montoya
|
0-0: Ball 1-0: Ball 2-0: Ball 3-0: Called Strike 3-1: Foul Ball, location: 2F 3-2: Ground out U3 (Groundball, 34, EV 86.2 MPH)
|
|
Batting: LHB David Campbell
|
0-0: Ball 1-0: Called Strike 1-1: Called Strike 1-2: Foul Ball, location: 2F 1-2: Strikes out swinging
|
|
Batting: RHB Graham Calvert
|
0-0: Swinging Strike 0-1: Ball 1-1: Foul Ball, location: 2F 1-2: Fly out, F3 (Popup, 3D, EV 58.1 MPH)
|
| Top of the 5th over - 0 runs, 0 hits, 0 errors, 0 left on base; Chattanooga 7 - Trenton 1 |
| BOTTOM OF THE 5TH |
|
Trenton Thunder batting - Pitching for Chattanooga Lookouts : RHP Tim Weller
|
|
Batting: RHB Christian Shearer
|
0-0: Ball 1-0: Fly out, F8 (Flyball, 8RD, EV 101.2 MPH)
|
|
Batting: RHB Javier Umanzor
|
0-0: Foul Ball, location: 2F 0-1: Ball 1-1: Fly out, F9 (Flyball, 9D, EV 106.2 MPH)
|
|
Batting: LHB Bart Davies
|
0-0: Called Strike 0-1: Swinging Strike 0-2: DOUBLE (Line Drive, 9LM, EV 104.4 MPH)
|
|
Batting: RHB Bryan Westray
|
0-0: Ball 1-0: Ball 2-0: Foul Ball, location: 2F 2-1: Foul Ball, location: 2F 2-2: Ball Wild Pitch! Bart Davies to third 3-2: Foul Ball, location: 2F 3-2: Foul Ball, location: 2F 3-2: Base on Balls
|
|
Batting: SHB David Stewart
|
0-0: Foul Ball, location: 2F 0-1: Ground out 4-3 (Groundball, 34, EV 85.0 MPH)
|
| Bottom of the 5th over - 0 runs, 1 hit, 0 errors, 2 left on base; Chattanooga 7 - Trenton 1 |
| TOP OF THE 6TH |
|
Chattanooga Lookouts batting - Pitching for Trenton Thunder : RHP Aneirin Cadwallader
|
|
Pitching: RHP David Durr
|
|
|
Batting: RHB Nick Phipps
|
0-0: Ball 1-0: Called Strike 1-1: Ground out 5-3 (Groundball, 56S, EV 83.8 MPH)
|
|
Batting: RHB John Dew
|
0-0: Ball 1-0: Ground out 6-3 (Groundball, 6, EV 86.2 MPH)
|
|
Batting: SHB Manny Molina
|
0-0: Ball 1-0: Ball 2-0: Ball 3-0: Called Strike 3-1: Fly out, F8 (Flyball, 8RD, EV 91.9 MPH)
|
| Top of the 6th over - 0 runs, 0 hits, 0 errors, 0 left on base; Chattanooga 7 - Trenton 1 |
| BOTTOM OF THE 6TH |
|
Trenton Thunder batting - Pitching for Chattanooga Lookouts : RHP Tim Weller
|
|
Batting: LHB Jared Zulkowski
|
0-0: Ball 1-0: Ball 2-0: Ball 3-0: Called Strike 3-1: Called Strike 3-2: Foul Ball, location: 2F 3-2: Foul Ball, location: 2F 3-2: Fly out, F7 (Flyball, 7LM, EV 86.2 MPH)
|
|
Batting: SHB Houston Phillips
|
0-0: Swinging Strike 0-1: Ball 1-1: Ball 2-1: Foul Ball, location: 2F 2-2: Foul Ball, location: 2F 2-2: Ball 3-2: SINGLE (Line Drive, 89S, EV 105.0 MPH)
|
|
Batting: RHB Phil Reeves
|
0-0: Ball 1-0: Ball 2-0: Ball 3-0: Called Strike 3-1: Base on Balls Houston Phillips to second
|
|
Batting: RHB Alex Colon
|
0-0: SINGLE (Line Drive, 34D, EV 109.4 MPH) Houston Phillips to third Phil Reeves to second
|
|
Batting: RHB Christian Shearer
|
0-0: Foul Ball, location: 2F 0-1: Swinging Strike 0-2: Ball 1-2: SINGLE (Groundball, 4M, EV 105.6 MPH) (infield hit) Houston Phillips scores Phil Reeves to third Alex Colon to second
|
|
Batting: RHB Javier Umanzor
|
0-0: Ball 1-0: Ball 2-0: Ball 3-0: Base on Balls Phil Reeves scores Alex Colon to third Christian Shearer to second
|
|
Pitching: RHP Andy Symons
|
|
|
Batting: LHB Bart Davies
|
0-0: Ball 1-0: Ball 2-0: Ball 3-0: Called Strike 3-1: SINGLE (Line Drive, 9LS, EV 106.2 MPH) Alex Colon scores Christian Shearer to third Javier Umanzor to second
|
|
Batting: RHB Bryan Westray
|
0-0: Grounds into fielders choice 3-2 (Groundball, 3S, EV 66.9 MPH) Javier Umanzor to third Bart Davies to second
|
|
Batting: SHB David Stewart
|
0-0: Called Strike 0-1: Ball 1-1: Called Strike 1-2: Ball 2-2: Strikes out looking
|
| Bottom of the 6th over - 3 runs, 4 hits, 0 errors, 3 left on base; Chattanooga 7 - Trenton 4 |
| TOP OF THE 7TH |
|
Chattanooga Lookouts batting - Pitching for Trenton Thunder : RHP David Durr
|
|
Batting: SHB Matt Urbani
|
0-0: Called Strike 0-1: Ball 1-1: Ground out 4-3 (Groundball, 4, EV 82.5 MPH)
|
|
Batting: LHB Marshall Daul
|
0-0: Foul Ball, location: 2F 0-1: Ball 1-1: Fly out, F9 (Line Drive, 89D, EV 96.2 MPH)
|
|
Batting: RHB Leo Gonzalez
|
0-0: Ball 1-0: SINGLE (Line Drive, 6M, EV 100.0 MPH)
|
|
Pitching: RHP Jimmy Wilder
|
|
|
Batting: LHB Israel Montoya
|
0-0: Called Strike 0-1: Ball 1-1: Foul Ball, location: 2F 1-2: Ball 2-2: Ball 3-2: DOUBLE (Line Drive, 5D, EV 98.1 MPH) Leo Gonzalez to third Leo Gonzalez scores
|
|
Pinch Runner at 2nd David Nardone:
|
|
|
Batting: LHB David Campbell
|
0-0: Ball 1-0: Ball 2-0: Ball 3-0: Base on Balls
|
|
Batting: RHB Graham Calvert
|
0-0: Ball 1-0: Ball 2-0: Ball 3-0: Base on Balls David Nardone to third David Campbell to second
|
|
Batting: RHB Nick Phipps
|
0-0: Ball 1-0: Ball 2-0: Swinging Strike 2-1: Ball 3-1: Base on Balls David Nardone scores David Campbell to third Graham Calvert to second
|
|
Pitching: RHP Joe Shaw
|
|
|
Batting: RHB John Dew
|
0-0: Ball 1-0: Fly out, F7 (Flyball, 78S, EV 88.1 MPH)
|
| Top of the 7th over - 2 runs, 2 hits, 0 errors, 3 left on base; Chattanooga 9 - Trenton 4 |
| BOTTOM OF THE 7TH |
|
Trenton Thunder batting - Pitching for Chattanooga Lookouts : RHP Andy Symons
|
|
Now in LF: David Nardone
|
|
|
Now in CF: Marshall Daul
|
|
|
Batting: LHB Jared Zulkowski
|
0-0: Called Strike 0-1: Foul Ball, location: 2F 0-2: Ball 1-2: Foul Ball, location: 2F 1-2: Strikes out swinging
|
|
Batting: SHB Houston Phillips
|
0-0: Called Strike 0-1: Called Strike 0-2: Strikes out swinging
|
|
Batting: RHB Phil Reeves
|
0-0: Called Strike 0-1: SINGLE (Groundball, 25, EV 69.4 MPH) (infield hit)
|
|
Batting: RHB Alex Colon
|
0-0: Ball 1-0: Ball Phil Reeves steals 2nd base 2-0: Ball 3-0: Called Strike 3-1: Called Strike 3-2: Foul Ball, location: 2F 3-2: Reached on error, E5 (Groundball, 56, EV 106.9 MPH) Phil Reeves scores
|
|
Batting: RHB Christian Shearer
|
0-0: Foul Ball, location: 2F 0-1: Fly out, F9 (Flyball, 89M, EV 87.5 MPH)
|
| Bottom of the 7th over - 1 run, 1 hit, 1 error, 1 left on base; Chattanooga 9 - Trenton 5 |
| TOP OF THE 8TH |
|
Chattanooga Lookouts batting - Pitching for Trenton Thunder : RHP Joe Shaw
|
|
Batting: SHB Manny Molina
|
0-0: Ball 1-0: Foul Ball, location: 2F 1-1: Ball 2-1: Ground out 1-3 (Groundball, 13S, EV 68.8 MPH)
|
|
Batting: SHB Matt Urbani
|
0-0: Foul Ball, location: 2F 0-1: Ball 1-1: Foul Ball, location: 5F, Error on foul ball, E5 1-2: Ground out 6-3 (Groundball, 4M, EV 105.6 MPH)
|
|
Batting: LHB Marshall Daul
|
0-0: Foul Ball, location: 2F 0-1: Swinging Strike 0-2: Ball 1-2: Ball 2-2: Ball 3-2: Base on Balls
|
|
Batting: RHB Leo Gonzalez
|
0-0: Ball 1-0: Called Strike Marshall Daul steals 2nd, throwing error, E2 Marshall Daul to third 1-1: Ball 2-1: Called Strike 2-2: SINGLE (Line Drive, 8LS, EV 95.6 MPH) Marshall Daul scores
|
|
Pitching: RHP Angel Gutierres
|
|
|
Batting: RHB David Nardone
|
0-0: Foul Ball, location: 2F 0-1: Called Strike 0-2: Fly out, F8 (Flyball, 8LD, EV 84.4 MPH)
|
| Top of the 8th over - 1 run, 1 hit, 2 errors, 1 left on base; Chattanooga 10 - Trenton 5 |
| BOTTOM OF THE 8TH |
|
Trenton Thunder batting - Pitching for Chattanooga Lookouts : RHP Andy Symons
|
|
Batting: RHB Javier Umanzor
|
0-0: Foul Ball, location: 2F 0-1: Called Strike 0-2: Foul Ball, location: 2F 0-2: Ball 1-2: Ball 2-2: Foul Ball, location: 2F 2-2: Ball 3-2: Foul Ball, location: 2F 3-2: Ground out 4-3 (Groundball, 4, EV 80.6 MPH)
|
|
Batting: LHB Bart Davies
|
0-0: Ball 1-0: Foul Ball, location: 2F 1-1: Foul Ball, location: 2F 1-2: Ground out 6-3 (Groundball, 6, EV 92.5 MPH)
|
|
Batting: RHB Bryan Westray
|
0-0: Called Strike 0-1: Foul Ball, location: 2F 0-2: Foul Ball, location: 2F 0-2: Ball 1-2: Ground out 2-3 (Groundball, 15S, EV 62.5 MPH)
|
| Bottom of the 8th over - 0 runs, 0 hits, 0 errors, 0 left on base; Chattanooga 10 - Trenton 5 |
| TOP OF THE 9TH |
|
Chattanooga Lookouts batting - Pitching for Trenton Thunder : RHP Angel Gutierres
|
|
Batting: LHB David Campbell
|
0-0: Called Strike 0-1: Ball 1-1: Foul Ball, location: 2F 1-2: SINGLE (Flyball, 4D, EV 89.4 MPH)
|
|
Batting: RHB Graham Calvert
|
0-0: Ball 1-0: Called Strike 1-1: Fly out, F6 (Flyball, 56D, EV 83.8 MPH)
|
|
Batting: RHB Nick Phipps
|
0-0: Called Strike 0-1: Foul Ball, location: 2F 0-2: Ball 1-2: Foul Ball, location: 2F 1-2: Fly out, F8 (Flyball, 89D, EV 91.2 MPH)
|
|
Batting: RHB John Dew
|
0-0: Ball 1-0: Ball 2-0: Ball 3-0: Base on Balls David Campbell to second
|
|
Pitching: RHP Antonio Castillo
|
|
|
Batting: SHB Manny Molina
|
0-0: Foul Ball, location: 2F 0-1: Called Strike 0-2: Foul Ball, location: 2F 0-2: Foul Ball, location: 2F 0-2: Ball 1-2: Foul Ball, location: 2F 1-2: Strikes out swinging
|
| Top of the 9th over - 0 runs, 1 hit, 0 errors, 2 left on base; Chattanooga 10 - Trenton 5 |
| BOTTOM OF THE 9TH |
|
Trenton Thunder batting - Pitching for Chattanooga Lookouts : RHP Andy Symons
|
|
Batting: SHB David Stewart
|
0-0: Ball 1-0: Ball 2-0: Ball 3-0: Called Strike 3-1: Foul Ball, location: 2F 3-2: Strikes out swinging
|
|
Batting: LHB Jared Zulkowski
|
0-0: Called Strike 0-1: Foul Ball, location: 2F 0-2: Ball 1-2: DOUBLE (Line Drive, 78M, EV 91.2 MPH)
|
|
Pitching: RHP Bruce Wight
|
|
|
Batting: SHB Houston Phillips
|
0-0: Ball 1-0: Foul Ball, location: 2F 1-1: Ball 2-1: Ball 3-1: Base on Balls
|
|
Batting: RHB Phil Reeves
|
0-0: Fielders Choice at 2nd, 4-6 (Groundball, 34, EV 102.5 MPH) Jared Zulkowski to third
|
|
Batting: RHB Alex Colon
|
0-0: Ball 1-0: Called Strike 1-1: Foul Ball, location: 2F 1-2: Foul Ball, location: 2F 1-2: Foul Ball, location: 2F 1-2: Ball 2-2: SINGLE (Groundball, 5S, EV 100.0 MPH) Jared Zulkowski scores Phil Reeves to second
|
|
Pitching: RHP Tom Aagaard
|
|
|
Batting: RHB Christian Shearer
|
0-0: Ball 1-0: Swinging Strike 1-1: SINGLE (Groundball, P, EV 81.9 MPH) (infield hit) Phil Reeves to third Alex Colon to second
|
|
Batting: RHB Javier Umanzor
|
0-0: Ball 1-0: Called Strike 1-1: Called Strike 1-2: Ball 2-2: Strikes out swinging
|
| Bottom of the 9th over - 1 run, 3 hits, 0 errors, 3 left on base; Chattanooga 10 - Trenton 6 |
|